AoeStats
← Chris Becker

Arena

509685161Analyzed
4v4 RM · 5d ago on Sep 27, 2026· 68m 36s· 8 players
Game mode
Random Map
Map size
Large (8 player)
Population
200
Speed
Normal
Resources
Standard
Victory
Conquest
Starting age
Dark Age
Ending age
Imperial Age
RankedLock teamsTeams togetherTeam positionsShared explorationLock speedFull tech treeHidden civsTurbo modeCheats
Victory
Defeat
🇻🇳 Poles · Vietnam
1541
+19
🇹🇷 Goths · Türkiye
1520
+20
🇹🇷 Malians · Türkiye
1517
+20
🇩🇪 Tatars · Germany
1511
+21
🇪🇸 Bengalis · Spain
1693
-23
🇪🇸 Chinese · Spain
1617
-20
🇪🇸 Britons · Spain
1582
-19
🇪🇸 Koreans · Spain
1566
-18
Chris Becker
7:56 Loom
10:07 Feudal Age
15:26 Castle Age
14:08 Double-Bit Axe
14:09 Horse Collar
27:23 Fletching
35:00 Bow Saw
37:55 Wheelbarrow
37:55 Heavy Plow
39:22 Hand Cart
41:43 Imperial Age
40:23 Elite Skirmisher
42:00 Gold Mining
42:34 Bodkin Arrow
42:40 Padded Archer Armor
42:21 Heavy Cavalry Archer
43:33 Ballistics
44:13 Chemistry
44:18 Crop Rotation
44:48 Gold Shaft Mining
47:08 Conscription
48:44 Bracer
49:00 Leather Archer Armor
49:41 Bloodlines
49:32 Husbandry
52:19 Ring Archer Armor
55:14 Scale Barding Armor
55:20 Forging
54:44 Light Cavalry
55:41 Hussar
57:20 Chain Barding Armor
57:36 Iron Casting
57:58 Caravan
60:56 Plate Barding Armor
63:00 Blast Furnace
xuân thông dhdn
8:44 Feudal Age
9:12 Double-Bit Axe
9:08 Horse Collar
18:25 Castle Age
17:16 Forging
18:45 Light Cavalry
19:55 Heavy Plow
22:21 Bow Saw
24:52 Iron Casting
24:26 Husbandry
26:54 Bloodlines
26:50 Scale Barding Armor
27:07 Loom
28:45 Szlachta Privileges
28:46 Gold Mining
29:36 Chain Barding Armor
33:26 Imperial Age
31:32 Wheelbarrow
32:28 Fervor
34:29 Lechitic Legacy
34:31 Conscription
34:50 Crop Rotation
33:59 Cavalier
34:45 Winged Hussar
36:59 Blast Furnace
41:41 Town Watch
44:10 Caravan
44:41 Coinage
47:37 Hand Cart
49:57 Elite Skirmisher
50:42 Thumb Ring
50:30 Fletching
50:40 Padded Archer Armor
53:08 Town Patrol
53:50 Banking
57:11 Scale Mail Armor
57:08 Bodkin Arrow
57:29 Leather Archer Armor
61:18 Chemistry
60:24 Siege Engineers
65:16 Chain Mail Armor
65:02 Squires
64:48 Arson
65:34 Capped Ram
66:39 Siege Ram
Théoden
10:22 Feudal Age
12:34 Double-Bit Axe
14:51 Castle Age
13:03 Horse Collar
13:32 Loom
16:19 Bow Saw
31:13 Ballistics
36:16 Imperial Age
34:09 Gold Mining
34:53 Scale Mail Armor
37:31 Conscription
37:57 Chain Mail Armor
37:52 Forging
37:57 Chain Mail Armor
37:34 Treadmill Crane
39:17 Padded Archer Armor
39:07 Fletching
39:17 Padded Archer Armor
39:49 Masonry
46:34 Wheelbarrow
45:51 Fletching
46:16 Leather Archer Armor
45:51 Fletching
46:16 Leather Archer Armor
47:06 Plate Mail Armor
46:46 Forging
47:53 Hand Cart
48:10 Architecture
47:54 Fortified Wall
48:37 Bodkin Arrow
49:12 Ring Archer Armor
48:18 Elite Skirmisher
49:04 Thumb Ring
49:02 Heavy Plow
54:27 Chemistry
55:05 Iron Casting
55:37 Elite Gbeto
56:31 Farimba
58:09 Pikeman
58:50 Squires
67:09 Scale Barding Armor
67:04 Capped Ram
68:21 Chain Barding Armor
vela
10:23 Feudal Age
15:20 Castle Age
13:40 Double-Bit Axe
13:59 Horse Collar
16:18 Bow Saw
17:34 Wheelbarrow
22:01 Loom
22:06 Gold Mining
22:07 Stone Mining
29:51 Imperial Age
27:52 Hand Cart
27:38 Scale Mail Armor
28:22 Forging
28:30 Anarchy
29:04 Chain Mail Armor
29:54 Iron Casting
29:21 Squires
30:11 Coinage
31:09 Conscription
30:50 Perfusion
33:33 Blast Furnace
31:55 Man-at-Arms
33:36 Two-Man Saw
32:37 Heavy Plow
33:33 Banking
32:28 Long Swordsman
33:43 Fletching
33:53 Elite Huskarl
34:16 Two-Handed Swordsman
36:46 Guilds
36:08 Capped Ram
38:31 Town Watch
38:29 Treadmill Crane
39:10 Ballistics
39:50 Chemistry
38:43 Champion
39:38 Bodkin Arrow
40:37 Bracer
40:38 Padded Archer Armor
44:40 Masonry
45:05 Heavy Scorpion
47:03 Crop Rotation
48:33 Architecture
55:32 Pikeman
56:12 Halberdier
58:36 Town Patrol
59:28 Leather Archer Armor
59:59 Caravan
62:46 Elite Skirmisher
Can Can Club (CCC)
10:22 Feudal Age
14:20 Castle Age
12:08 Loom
12:43 Double-Bit Axe
12:55 Horse Collar
15:28 Bow Saw
15:06 Town Watch
17:57 Wheelbarrow
17:51 Sanctity
28:40 Fortified Wall
32:56 Imperial Age
30:51 Fletching
31:02 Padded Archer Armor
31:36 Ballistics
31:31 Bodkin Arrow
32:06 Stone Mining
32:07 Gold Mining
33:38 Leather Archer Armor
33:39 Bracer
34:44 Chemistry
35:35 Ring Archer Armor
35:23 Paiks
35:44 Conscription
36:37 Elite Elephant Archer
37:33 Heavy Plow
38:13 Hand Cart
42:48 Coinage
42:19 Caravan
43:37 Masonry
46:15 Scale Barding Armor
46:20 Forging
49:40 Chain Barding Armor
49:55 Iron Casting
49:36 Light Cavalry
50:49 Bloodlines
50:40 Husbandry
51:17 Plate Barding Armor
51:26 Banking
54:49 Blast Furnace
TdB.finiboom
10:28 Feudal Age
14:54 Castle Age
13:21 Double-Bit Axe
14:19 Scale Mail Armor
14:57 Gold Mining
15:55 Forging
18:22 Bow Saw
20:53 Chain Mail Armor
22:14 Arson
22:29 Squires
25:32 Horse Collar
25:43 Stone Mining
34:01 Imperial Age
33:11 Wheelbarrow
32:23 Loom
35:07 Iron Casting
35:21 Plate Mail Armor
35:48 Man-at-Arms
36:33 Long Swordsman
37:26 Two-Handed Swordsman
41:45 Two-Man Saw
44:40 Heavy Plow
57:25 Hand Cart
56:56 Town Watch
57:32 Pikeman
59:54 Halberdier
64:59 Light Cavalry
65:40 Husbandry
67:19 Hussar
68:08 Scale Barding Armor
Wossel
0:28 Loom
9:55 Feudal Age
10:05 Feudal Age
14:56 Castle Age
13:56 Double-Bit Axe
15:10 Gold Mining
15:59 Bow Saw
18:48 Scale Mail Armor
19:53 Squires
22:40 Horse Collar
29:04 Heavy Plow
29:20 Town Watch
30:11 Wheelbarrow
34:19 Imperial Age
33:34 Hand Cart
33:57 Arson
34:29 Chain Mail Armor
34:25 Forging
35:43 Plate Mail Armor
34:35 Elite Fire Lancer
38:05 Conscription
38:22 Iron Casting
40:29 Blast Furnace
39:02 Man-at-Arms
39:36 Long Swordsman
40:09 Two-Handed Swordsman
40:49 Champion
45:51 Coinage
48:19 Banking
48:02 Fletching
48:40 Bodkin Arrow
49:13 Elite Chu Ko Nu
49:54 Bracer
51:23 Ballistics
52:03 Chemistry
51:38 Masonry
52:13 Padded Archer Armor
54:24 Leather Archer Armor
56:48 Ring Archer Armor
56:50 Caravan
57:28 Scale Barding Armor
59:05 Light Cavalry
59:46 Husbandry
60:41 Bloodlines
62:00 Chain Barding Armor
Ciruelitaruby
10:53 Feudal Age
14:34 Castle Age
12:47 Double-Bit Axe
12:49 Loom
15:57 Bow Saw
16:18 Horse Collar
16:29 Gold Mining
17:42 Town Watch
22:44 Crossbowman
24:10 Fletching
25:14 Bodkin Arrow
28:49 Wheelbarrow
28:34 Heavy Plow
34:18 Imperial Age
32:36 Padded Archer Armor
33:38 Ballistics
34:50 Leather Archer Armor
34:36 Stone Mining
35:18 Arbalester
36:43 Bracer
37:11 Masonry
39:01 Ring Archer Armor
42:33 Two-Man Saw
43:07 Conscription
44:41 Chemistry
47:07 Hand Cart
48:34 Yeomen
49:27 Pikeman
50:08 Scale Mail Armor
50:18 Forging
51:32 Halberdier
52:28 Chain Mail Armor
52:48 Iron Casting
53:27 Squires
54:16 Gold Shaft Mining
55:46 Plate Mail Armor
56:17 Blast Furnace
56:01 Elite Skirmisher
58:24 Architecture
58:59 Coinage
57:57 Capped Ram
Connection lost

Rejoining the realm…

Still unreachable

The connection could not be restored.

Session expired

The server has moved on; the page needs a fresh start.